Map: [ESL] Altitude

Players

Rex

  • Race: Zerg Zerg
  • Spawn Location: 7:00

SCV - Winner!

  • Race: Protoss Protoss
  • Spawn Location: 1:00

Event: ESL SC2 Masters 2023 Summer (Regionals)

VOD

Have the link to the VOD?

Description

Time

  • Played on: May 12, 2023, 8:34 a.m.
  • Length: 21:37

All games in this series

Show
View Real Time Build Order
Export as new Build Order

Rex Zerg 

Build Orders: Pool First, Lurkers 

Get SALT Encoding   

  12  0:00  Drone  
  13  0:12  Overlord  
  13  0:17  Drone  
  14  0:30  Drone x2  
  14  0:34  Drone  
  17  0:41  Extractor  
  16  0:47  Spawning Pool  
  15  0:50  Drone  
  15  0:57  Drone  
  17  1:07  Drone  
  18  1:22  Hatchery  
  17  1:29  Drone  
  18  1:34  Zergling x2  
  19  1:40  Queen  
  21  1:47  Metabolic Boost  
  21  1:54  Overlord  
  21  1:59  Drone  
  22  2:14  Drone x2  
  24  2:23  Lair  
  24  2:26  Zergling x2  
  25  2:34  Zergling x2  
  27  2:37  Queen, Zergling x2  
  27  2:43  Zergling x2  
  30  2:49  Drone  
  31  2:55  Drone  
  31  2:56  Drone x2  
  34  2:58  Drone  
  35  3:07  Drone  
  35  3:08  Overlord  
  36  3:22  Hatchery  
  36  3:24  Drone  
  36  3:26  Drone x2  
  37  3:29  Drone  
  37  3:30  Drone  
  39  3:35  Drone x2  
  39  3:40  Overlord  
  41  3:49  Queen  
  41  3:52  Overlord  
  41  3:53  Overseer  
  41  3:58  Drone x2  
  41  3:59  Drone x2  
  41  4:00  Drone  
  41  4:01  Drone  
  47  4:03  Drone  
  47  4:09  Drone x2  
  49  4:10  Extractor  
  49  4:12  Extractor  
  49  4:13  Drone  
  47  4:21  Drone, Hydralisk Den  
  47  4:26  Spore Crawler  
  47  4:27  Queen  
  47  4:30  Zergling x8  
  52  4:35  Zergling x6  
  55  4:45  Zergling x2  
  58  4:50  Overlord x2  
  58  4:59  Muscular Augments  
  58  5:05  Hydralisk x3  
  61  5:09  Hydralisk  
  61  5:13  Hydralisk  
  63  5:15  Zergling x10  
  63  5:19  Hydralisk  
  70  5:25  Hydralisk  
  70  5:26  Zergling x2  
  73  5:31  Overlord  
  73  5:32  Overlord  
  73  5:37  Overlord  
  73  5:42  Overlord  
  73  5:46  Overlord  
  73  5:51  Hydralisk x2  
  76  6:03  Zergling x12  
  82  6:08  Hydralisk  
  84  6:12  Hydralisk  
  84  6:15  Hydralisk  
  88  6:19  Hydralisk  
  88  6:23  Hydralisk  
  92  6:27  Hydralisk  
  94  6:37  Hydralisk x3  
  90  6:43  Hydralisk  
  90  6:44  Zergling x4  
  89  6:50  Zergling x6  
  92  6:55  Zergling x4  
  92  7:00  Hydralisk  
  95  7:05  Zergling x6  
  96  7:10  Hydralisk x2  
  96  7:15  Zergling x2  
  97  7:19  Zergling x4  
  97  7:20  Zergling x2  
  97  7:22  Zergling x2  
  101  7:25  Zergling x2  
  101  7:26  Zergling x2  
  101  7:28  Zergling x2  
  101  7:29  Zergling x2  
  105  7:31  Zergling x2  
  105  7:34  Zergling x2  
  107  7:42  Zergling x2  
  107  7:43  Zergling x6  
  109  7:48  Drone, Zergling x2  
  109  7:50  Zergling x6  
  107  7:54  Zergling x2  
  95  7:59  Zergling x6  
  95  8:01  Zergling x2  
  95  8:02  Zergling x2  
  95  8:05  Zergling x2  
  93  8:06  Zergling x2  
  93  8:09  Hydralisk  
  90  8:13  Hydralisk  
  83  8:22  Hydralisk x2  
  87  8:31  Hydralisk  
  87  8:32  Hydralisk  
  78  8:34  Hydralisk  
  78  8:40  Drone  
  79  8:42  Lurker Den  
  79  8:44  Hydralisk  
  79  8:48  Hydralisk  
  80  8:55  Hydralisk x2  
  82  8:59  Drone x2  
  88  9:06  Drone  
  89  9:13  Drone x3  
  89  9:15  Drone  
  93  9:18  Overseer  
  93  9:23  Drone x3  
  96  9:25  Extractor x2  
  96  9:30  Hydralisk x4  
  102  9:33  Zergling x2  
  102  9:37  Overlord  
  103  9:40  Lurker x2  
  103  9:41  Lurker  
  103  9:43  Lurker  
  107  9:47  Overlord  
  107  9:50  Overlord  
  107  9:52  Drone x2  
  109  9:54  Drone x2  
  109  9:56  Lurker  
  109  9:57  Drone  
  113  10:04  Drone x3  
  113  10:05  Drone  
  116  10:10  Grooved Spines  
  116  10:12  Lurker  
  117  10:15  Drone x3  
  117  10:18  Extractor  
  119  10:28  Zergling x14  
  126  10:34  Drone x2  
  128  10:37  Infestation Pit  
  128  10:42  Evolution Chamber  
  126  10:46  Hatchery  
  126  10:49  Drone x2, Zergling x2  
  128  11:00  Zergling x16  
  136  11:09  Zergling x4  
  123  11:38  Zergling x36  
  134  11:41  Hydralisk x2  
  134  11:45  Hydralisk x2  
  135  11:54  Drone x4  
  135  11:57  Drone  
  135  11:59  Drone  
  132  12:02  Drone  
  132  12:05  Drone  
  129  12:08  Drone x2  
  129  12:12  Drone x2  
  133  12:17  Lurker x3  
  133  12:18  Drone  
  133  12:22  Drone x2  
  139  12:30  Drone x2  
  139  12:33  Drone x2  
  143  12:38  Hive  
  143  12:42  Lurker  
  143  12:48  Overlord x6  
  143  13:00  Roach Warren  
  143  13:04  Spore Crawler  
  141  13:05  Spine Crawler  
  135  13:22  Zergling x32  
  149  13:33  Drone  
  149  13:34  Drone x7  
  156  13:44  Drone x4  
  156  13:45  Drone x4  
  159  13:51  Zerg Missile Weapons Level 1  
  159  13:53  Seismic Spines  
  158  13:56  Adrenal Glands  
  158  13:59  Lurker x2  
  158  14:04  Hatchery  
  158  14:07  Lurker x6  
  163  14:14  Viper x3  
  163  14:16  Overseer  
  172  14:20  Overseer  
  172  14:24  Hydralisk x2  
  172  14:28  Drone  
  172  14:29  Drone x6  
  172  14:30  Baneling Nest  
  172  14:31  Extractor x2  
  180  14:34  Overlord x2  
  180  14:35  Drone  
  181  14:50  Adaptive Talons  
  181  14:51  Zergling x26  
  192  15:01  Spore Crawler x3, Pneumatized Carapace  
  192  15:02  Overlord  
  192  15:07  Lurker x2  
  190  15:12  Evolution Chamber  
  189  15:18  Hydralisk x5  
  199  15:24  Overseer x2  
  199  15:26  Overseer  
  199  15:27  Overseer  
  199  15:33  Overseer  
  199  15:35  Spire  
  198  15:38  Centrifugal Hooks  
  198  15:40  Zerg Melee Weapons Level 1  
  197  15:43  Drone x2  
  189  16:17  Hydralisk x8  
  198  16:22  Lurker  
  198  16:23  Lurker  
  200  16:26  Baneling x3  
  200  16:27  Baneling x6  
  200  16:38  Zerg Missile Weapons Level 2  
  200  16:52  Baneling x10  
  200  16:53  Baneling  
  195  16:57  Hydralisk x2  
  193  17:10  Viper x3  
  193  17:13  Zergling x2  
  193  17:14  Zergling x36  
  199  17:16  Extractor  
  180  17:34  Zergling x30  
  189  17:37  Baneling x14  
  186  17:50  Zerg Melee Weapons Level 2  
  185  17:54  Greater Spire  
  185  17:58  Baneling x13  
  185  18:09  Extractor, Zergling x32  
  180  18:30  Hydralisk x12  
  180  18:32  Baneling x5  
  168  18:41  Hydralisk x4  
  168  18:43  Hydralisk  
  168  18:44  Overlord, Zergling x16  
  178  18:55  Zergling x8  
  178  18:59  Overlord  
  178  19:00  Overlord  
  181  19:03  Overlord  
  181  19:04  Overlord  
  181  19:05  Hydralisk, Overlord  
  179  19:19  Corruptor  
  179  19:20  Corruptor x4  
  179  19:22  Spore Crawler x3  
  184  19:26  Corruptor, Swarm Host  
  188  19:37  Corruptor x2  
  156  20:07  Viper  
  156  20:08  Corruptor x2, Viper x2  
  156  20:09  Corruptor  
  156  20:11  Drone, Zergling x2  
  173  20:15  Zergling x14  
  173  20:16  Spore Crawler  
  179  20:26  Lurker  
  179  20:27  Lurker x4  
  182  20:35  Zergling x16  
  167  20:49  Corruptor x2  
  109  20:58  Overseer x2  
  109  21:12  Lurker x4  
Show
View Real Time Build Order
Export as new Build Order

SCV Protoss - Winner!

Build Orders: 1 Gate Expand 

Get SALT Encoding   

  12  0:00  Probe  
  13  0:12  Probe  
  14  0:19  Pylon  
  14  0:24  Probe  
  15  0:37  Probe (Chrono Boost)  
  15  0:39  Gateway  
  16  0:47  Probe (Chrono Boost), Assimilator  
  17  0:52  Probe (Chrono Boost)  
  18  1:04  Probe  
  19  1:16  Probe  
  20  1:26  Cybernetics Core  
  20  1:34  Nexus  
  20  1:38  Probe  
  21  1:44  Pylon  
  21  1:51  Probe  
  22  1:54  Assimilator  
  22  2:00  Adept (Chrono Boost)  
  22  2:03  Probe  
  25  2:13  Warp Gate  
  25  2:15  Probe  
  25  2:23  Stalker  
  25  2:27  Probe  
  28  2:34  Gateway  
  28  2:39  Shield Battery  
  28  2:49  Stargate  
  28  2:51  Probe  
  28  2:54  Probe  
  30  3:00  Adept  
  30  3:04  Probe (Chrono Boost)  
  33  3:06  Probe (Chrono Boost)  
  34  3:19  Probe (Chrono Boost)  
  36  3:21  Probe (Chrono Boost)  
  36  3:24  Probe (Chrono Boost)  
  37  3:27  Probe (Chrono Boost)  
  37  3:31  Pylon  
  37  3:33  Probe  
  39  3:38  Void Ray (Chrono Boost)  
  39  3:40  Probe  
  44  3:45  Probe  
  45  3:52  Probe  
  46  3:57  Probe  
  47  4:05  Adept x2  
  47  4:08  Pylon, Twilight Council  
  51  4:11  Probe x2  
  53  4:30  Nexus  
  53  4:36  Pylon  
  53  4:38  Gateway  
  53  4:39  Resonating Glaives (Chrono Boost)  
  53  4:41  Gateway  
  53  4:42  Gateway  
  53  4:49  Gateway  
  53  4:56  Adept x2  
  49  5:08  Probe x2  
  49  5:13  Assimilator  
  51  5:20  Probe x2, Adept x2  
  57  5:30  Pylon  
  57  5:32  Probe x2  
  57  5:33  Robotics Facility  
  59  5:36  Adept  
  59  5:37  Adept x2  
  59  5:42  Adept x2  
  67  5:47  Probe x3  
  72  5:50  Adept  
  74  5:59  Probe x2 (Chrono Boost), Adept x2  
  74  6:00  Probe (Chrono Boost)  
  74  6:01  Adept  
  83  6:08  Adept, Pylon  
  85  6:12  Probe (Chrono Boost)  
  85  6:15  Adept  
  85  6:17  Probe (Chrono Boost)  
  85  6:18  Probe (Chrono Boost)  
  90  6:20  Probe (Chrono Boost)  
  90  6:24  Probe x2 (Chrono Boost), Robotics Bay  
  93  6:26  Probe  
  93  6:29  Shield Battery  
  94  6:36  Probe  
  94  6:38  Adept  
  94  6:39  Adept x2  
  95  6:40  Adept  
  95  6:41  Adept  
  95  6:42  Adept  
  95  6:46  Shield Battery  
  81  6:50  Shield Battery  
  81  6:51  Pylon  
  81  6:58  Assimilator  
  81  7:02  Adept  
  81  7:03  Adept x3  
  81  7:04  Adept x2  
  93  7:09  Pylon  
  93  7:10  Pylon, Colossus (Chrono Boost)  
  95  7:16  Shield Battery  
  95  7:23  Stalker  
  95  7:24  Shield Battery  
  95  7:25  Probe x3  
  95  7:29  Assimilator  
  100  7:31  Blink (Chrono Boost)  
  98  7:37  Adept  
  98  7:38  Adept  
  98  7:42  Adept x2  
  105  7:45  Adept  
  105  7:51  Adept  
  102  7:53  Probe x2  
  102  7:58  Adept x2  
  96  8:04  Adept x2  
  80  8:06  Adept  
  80  8:07  Probe x2  
  80  8:08  Probe  
  82  8:16  Adept  
  82  8:19  Adept x2  
  88  8:24  Stalker  
  78  8:35  Adept x2  
  78  8:38  Probe x3  
  79  8:44  Stalker  
  79  8:45  Colossus (Chrono Boost)  
  81  8:50  Assimilator  
  81  8:52  Gateway  
  81  8:53  Gateway  
  81  8:54  Shield Battery  
  87  8:56  Pylon, Forge  
  87  8:59  Adept x4  
  95  9:08  Extended Thermal Lance  
  95  9:16  Pylon  
  95  9:18  Sentry  
  97  9:26  Probe x3  
  97  9:27  Colossus (Chrono Boost)  
  97  9:30  Protoss Ground Weapons Level 1 (Chrono Boost)  
  106  9:32  Phoenix  
  106  9:35  Nexus  
  106  9:38  Pylon  
  106  9:41  Probe x2  
  106  9:42  Probe  
  109  9:47  Stalker x3  
  115  9:53  Pylon  
  115  9:54  Stalker  
  117  10:00  Stalker x2  
  119  10:09  Observer (Chrono Boost)  
  119  10:11  Photon Cannon  
  119  10:13  Stalker  
  119  10:14  Stalker x2  
  124  10:17  Pylon, Charge  
  124  10:20  Robotics Facility  
  124  10:30  Stalker x3  
  124  10:34  Photon Cannon  
  130  10:47  Probe x4 (Chrono Boost)  
  134  10:52  Disruptor  
  140  10:58  Probe x3 (Chrono Boost)  
  140  11:00  Stalker x5  
  150  11:08  Pylon  
  153  11:17  Probe x2  
  155  11:26  Stalker x3  
  155  11:27  Stalker x4  
  151  11:37  Observer (Chrono Boost)  
  146  12:02  Pylon  
  146  12:03  Pylon  
  146  12:04  Pylon, Assimilator  
  146  12:05  Pylon, Robotics Facility  
  146  12:06  Robotics Facility, Assimilator  
  146  12:07  Photon Cannon  
  138  12:09  Photon Cannon  
  138  12:11  Shield Battery  
  138  12:18  Nexus, Disruptor (Chrono Boost)  
  141  12:25  Stalker  
  141  12:27  Pylon  
  143  12:34  Protoss Ground Weapons Level 2 (Chrono Boost)  
  143  12:41  Probe x2  
  143  12:43  Probe  
  143  12:44  Pylon  
  146  12:46  Zealot x6  
  146  12:48  Disruptor (Chrono Boost)  
  162  13:00  Shield Battery  
  162  13:01  Disruptor (Chrono Boost)  
  162  13:06  Dark Shrine  
  162  13:12  Photon Cannon  
  162  13:18  Disruptor  
  162  13:19  Observer  
  164  13:28  Photon Cannon  
  164  13:30  Photon Cannon  
  164  13:32  Disruptor (Chrono Boost)  
  167  13:38  Templar Archives  
  167  13:39  Zealot x5  
  177  13:42  Zealot  
  177  13:44  Disruptor (Chrono Boost)  
  172  13:53  Probe x2  
  172  13:54  Assimilator  
  174  13:57  Assimilator  
  174  13:58  Immortal (Chrono Boost)  
  178  14:02  Gravitic Boosters  
  178  14:07  Photon Cannon  
  178  14:09  Shield Battery  
  178  14:10  Photon Cannon  
  170  14:26  Stargate  
  166  14:31  Zealot x8  
  166  14:35  Immortal  
  186  14:39  Protoss Ground Weapons Level 3 (Chrono Boost)  
  185  14:52  Stalker  
  185  14:53  Stalker  
  189  15:01  Fleet Beacon  
  189  15:15  Stargate  
  188  15:34  Protoss Air Weapons Level 1 (Chrono Boost)  
  188  15:37  Photon Cannon  
  188  15:38  Pylon x2  
  188  15:47  Carrier x2 (Chrono Boost)  
  188  15:48  Nexus  
  178  15:56  Zealot  
  178  15:57  Zealot x6  
  200  16:02  Photon Cannon  
  200  16:03  Photon Cannon  
  198  16:05  Photon Cannon  
  198  16:06  Shield Battery  
  189  16:23  Zealot x5  
  199  16:27  Pylon  
  180  16:55  Zealot x8  
  180  17:00  Nexus  
  196  17:01  Pylon  
  168  17:15  Stalker x7  
  168  17:16  Stalker  
  184  17:24  Carrier (Chrono Boost)  
  184  17:25  Carrier (Chrono Boost)  
  189  17:44  Carrier (Chrono Boost)  
  189  17:51  Probe x4  
  193  17:56  Photon Cannon  
  193  17:57  Shield Battery  
  193  17:58  Psionic Storm  
  193  18:02  Shield Battery  
  193  18:03  Probe  
  194  18:16  Protoss Air Weapons Level 2 (Chrono Boost)  
  157  18:45  High Templar x8  
  173  18:50  Archon x3  
  173  18:51  Archon  
  173  19:04  Observer (Chrono Boost)  
  175  19:11  Observer (Chrono Boost)  
  175  19:17  High Templar x4  
  175  19:18  High Templar x4  
  175  19:21  Archon  
  175  19:22  Archon x3  
  191  19:50  Stalker  
  191  19:51  Zealot x3  
  197  20:03  Observer  
  185  20:08  High Templar  
  185  20:09  High Templar x3  
  185  20:13  Archon x2  
  193  20:26  High Templar x4  
  196  20:31  Nexus, Archon x2  
  192  20:46  Observer (Chrono Boost)  
  188  20:53  Observer (Chrono Boost)  
  181  20:59  Observer (Chrono Boost)  
  181  21:00  Pylon  
  181  21:01  Zealot x5  
  191  21:14  Zealot x3  
Tags
 
Add a new tag
Caveats
  • Supply blocks, unpowered buildings, or Contaminate may cause inaccurate times.
  • Supply counts are checked every 10 seconds.